 Dungeon Crawl Stone Soup version 0.30-a0-989-g0d87f670db (webtiles) character file.

Game seed: 289308727991337663

245542 holysushi the Messiah (level 19, -24/139 (170) HPs)
             Began as a Hill Orc Monk on Apr 3, 2023.
             Was the Champion of Beogh.
             Killed from afar by a deep elf death mage (62 damage)
             ... with a bolt of negative energy
             ... on level 3 of the Elven Halls on Apr 4, 2023.
             The game lasted 02:36:07 (37336 turns).

holysushi the Messiah (Hill Orc Monk)              Turns: 37336, Time: 02:36:07

HP:   -24/139 (170) AC: 19    Str: 19    XL:     19   Next: 48%
MP:   21/30         EV: 19    Int: 17    God:    Beogh [******]
Gold: 1007          SH: 34    Dex: 18    Spells: 16/26 levels left

rFire   + + .      SeeInvis +    U - +8 demon trident of Superiority {freeze, rC+}
rCold   + + +      Faith    .    X - +6 tower shield
rNeg    . . .      Spirit   .    T - +1 troll leather armour {Snorg}
rPois   .          Reflect  +    g - +2 helmet
rElec   .          Rampage  .    A - +2 cloak {rCorr}
rCorr   +                        N - +3 pair of gloves "Vuutamea" {rF++ rC+ Slay-4}
Will    ++...                    a - +3 pair of mountain boots {steadfast, rC+}
Stlth   ++                       s - amulet of reflection
HPRegen 1.23/turn                V - ring of see invisible
MPRegen 0.22/turn                e - ring "Egitwim" {Int+3 Dex+4 Slay+4}

@: animating dead, very slightly contaminated, studying Invocations, recalling,
heavily drained
A: walk on water, clever 1, low MP 1, strong-willed 1
}: 2/15 runes: serpentine, barnacled
a: Renounce Religion, Smiting, Stop Recall, Give Item to Named Follower,
Resurrection


You were on level 3 of the Elven Halls.
You worshipped Beogh.
Beogh was exalted by your worship.
You visited 6 branches of the dungeon, and saw 33 of its levels.
You also visited: Sewer, Bailey, Gauntlet and Ice Cave.

You collected 4217 gold pieces.
You spent 3210 gold pieces at shops.

Inventory:

Hand Weapons
 U - the +8 demon trident of Superiority (weapon) {freeze, rC+}
   (You acquired it in a bailey)

   rC:        It protects you from cold.
Armour
 a - the +3 pair of mountain boots (worn) {steadfast, rC+}
   (You found it in a Gauntlet)

   Steadfast: It prevents involuntary movement, except for blinking,
   teleportation, or banishment.
   rC:        It protects you from cold.
 b - the +3 hat of Pondering {ponderous, Will+ MP+10 Int+5}
   (You took it off Gastronok on level 3 of the Lair of Beasts)

   Int:       It affects your intelligence (+5).
   MP:        It affects your magic capacity (+10).
   Will:      It increases your willpower.
 g - a +2 helmet (worn)
 z - the +3 pair of gloves of Delicate the Good {Str+4}
   (You found it on level 12 of the Dungeon)

   Str:       It affects your strength (+4).
 A - a +2 cloak of preservation (worn)
 N - the +3 pair of gloves "Vuutamea" (worn) {rF++ rC+ Slay-4}
   (You found it on level 1 of the Snake Pit)

   Slay:      It affects your accuracy & damage with ranged weapons and melee
   (-4).
   rF:        It greatly protects you from fire.
   rC:        It protects you from cold.
 T - a +1 troll leather armour (worn) {Snorg}
 W - a +0 kite shield of protection
 X - a +6 tower shield (worn)
 Z - a +2 kite shield of protection
Jewellery
 e - the ring "Egitwim" (right hand) {Int+3 Dex+4 Slay+4}
   (You took it off a white draconian in an ice cave)

   [ring of slaying]

   Int:       It affects your intelligence (+3).
   Dex:       It affects your dexterity (+4).
   Slay:      It affects your accuracy & damage with ranged weapons and melee
   (+4).
 k - a ring of willpower
 l - a +5 ring of evasion
 q - a ring of protection from cold
 s - an amulet of reflection (around neck)
 R - a +6 ring of dexterity
 V - a ring of see invisible (left hand)
Wands
 j - a wand of flame (43)
 o - a wand of polymorph (12)
 y - a wand of quicksilver (3)
 J - a wand of digging (7)
 L - a wand of iceblast (14)
Scrolls
 d - a scroll of silence
 m - 6 scrolls of magic mapping
 t - 4 scrolls of enchant weapon
 v - 5 scrolls of butterflies
 B - 10 scrolls of teleportation
 C - 4 scrolls of fear
 F - 6 scrolls of noise
 G - 8 scrolls of vulnerability
 I - a scroll of fog
Potions
 c - a potion of magic
 f - 18 potions of curing
 h - 6 potions of attraction
 i - 5 potions of lignification
 n - 3 potions of brilliance
 p - 3 potions of resistance
 u - 3 potions of invisibility
 w - 4 potions of heal wounds
 x - 7 potions of flight
 D - 10 potions of mutation
 E - 6 potions of ambrosia
 H - 3 potions of haste
 K - 4 potions of berserk rage
 Q - 5 potions of cancellation
 Y - 2 potions of might
Miscellaneous
 M - a phantom mirror
 O - a lightning rod (4/4)


   Skills:
 - Level 15.0 Fighting
 - Level 14.1 Polearms
 - Level 14.0 Dodging
 - Level 1.6 Stealth
 - Level 21.0 Shields
 - Level 4.0 Spellcasting
 + Level 14.3 Necromancy
 - Level 21.1 Invocations
 - Level 3.0 Evocations


You had 16 spell levels left.
You knew the following spells:

 Your Spells              Type           Power      Damage    Failure   Level
a - Animate Dead          Necr           51%        N/A       1%          4
b - Death Channel         Necr           25%        N/A       16%         6

Your spell library contained the following spells:

 Spells                   Type           Power      Damage    Failure   Level
 Necrotise                Necr           100%       1d9       1%          1
 Sublimation of Blood     Necr           51%        N/A       1%          2
 Vampiric Draining        Necr           51%        2d9       1%          3
 Agony                    Necr           51%        N/A       2%          5
 Freeze                   Ice            12%        1d3       34%         1
 Magic Dart               Conj           12%        1d3       34%         1
 Shock                    Conj/Air       12%        1d3       34%         1
 Summon Small Mammal      Summ           12%        N/A       34%         1
 Borgnjor's Vile Clutch   Necr/Erth      13%        N/A       45%         5
 Call Imp                 Summ           3%         N/A       47%         2
 Lesser Beckoning         Tloc           6%         N/A       47%         2
 Static Discharge         Conj/Air       6%         2-3/arc   47%         2
 Wereblood                Tmut           3%         N/A       47%         2
 Dazzling Flash           Conj/Hex       6%         N/A       71%         3
 Frozen Ramparts          Ice            6%         1d1       71%         3
 Gell's Gravitas          Tloc           3%         N/A       71%         3
 Hailstorm                Conj/Ice       3%         3d3       71%         3
 Ignite Poison            Fire/Tmut/Pois 3%         N/A       71%         3
 Inner Flame              Hex/Fire       3%         N/A       71%         3
 Kindle Blastsparks       Fire/Tloc/Air  6%         2d10      71%         3
 Mephitic Cloud           Conj/Pois/Air  3%         N/A       71%         3
 Swiftness                Air            3%         N/A       71%         3
 Teleport Other           Tloc           3%         N/A       71%         3
 Vhi's Electric Charge    Tloc/Air       6%         N/A       71%         3
 Simulacrum               Ice/Necr       13%        N/A       96%         6
 Airstrike                Air            1%         2d(1-17)  98%         4
 Flame Wave               Conj/Fire      3%         2d5       98%         4
 Ice Form                 Ice/Tmut       3%         N/A       98%         4
 Iskenderun's Mystic Bla  Conj/Tloc      3%         2d3       98%         4
 Leda's Liquefaction      Hex/Erth       1%         N/A       98%         4
 Olgreb's Toxic Radiance  Pois           3%         N/A       98%         4
 Sticky Flame             Conj/Fire      3%         2d3       98%         4
 Summon Ice Beast         Ice/Summ       3%         N/A       98%         4
 Summon Lightning Spire   Summ/Air       3%         N/A       98%         4
 Arcjolt                  Conj/Air       1%         1d11      100%        5
 Freezing Cloud           Conj/Ice/Air   1%         6-21      100%        5
 Lee's Rapid Deconstruct  Erth           1%         3d4*      100%        5
 Plasma Beam              Fire/Air       1%         2x1d8     100%        5
 Summon Mana Viper        Hex/Summ       3%         N/A       100%        5
 Starburst                Conj/Fire      1%         6d3       100%        6
 Statue Form              Tmut/Erth      2%         N/A       100%        6
 Haunt                    Necr/Summ      13%        N/A       100%        7
 Ozocubu's Refrigeration  Ice            1%         4d7       100%        7
 Summon Hydra             Summ           1%         N/A       100%        7
 Ignition                 Fire           1%         3d3       100%        8
 Infestation              Necr           25%        N/A       100%        8
 Polar Vortex             Ice            1%         N/A       100%        9


Dungeon Overview and Level Annotations

Branches:
Dungeon (15/15) Zot: 24847  Temple (0/1) D:4            Lair (5/5) D:10 Zot: 24000
 Shoals (4/4) Lair:3 Zot: 19761   Snake (4/4) Lair:3 Zot: 19244   Slime (0/5) Lair:5
    Orc (2/2) D:12 Zot: 10617     Elf (3/3) Orc:2 Zot: 14390  Vaults (0/5) D:14
 Depths (0/4) D:15          Sewer (visited)          Bailey (visited)
  IceCv (visited)         Gauntlet (visited)

Altars:
Cheibriados
Elyvilon
Fedhas
Hepliaklqana
Sif Muna
Uskayaw
Jiyva

Shops:
D:12 [   Orc:1 [(   Orc:2 :=:*   Shoals:3 (   Shoals:4 :   Snake:2 :==
Snake:3 *

Annotations:
D:2 Sigmund
Elf:3 8 runed translucent doors


Innate Abilities, Weirdness & Mutations

You can walk on water.
Your mind is acute. (Int +4, Str/Dex -1)
Your magical capacity is low. (-10% MP)
You are strong-willed. (Will+)


Message History

The deep elf sorcerer seems to speed up.
You block the ghostly deep elf death mage's attack.
You closely miss the deep elf sorcerer.
The deep elf sorcerer is moderately wounded.
You block the deep elf sorcerer's attack.
Beowulf hits the deep elf high priest from afar with a +2 bardiche of electrocution!!
The ghostly deep elf death mage beckons forth a restless soul!
You hit the ghostly deep elf death mage.
You freeze the ghostly deep elf death mage.
The ghostly deep elf death mage is lightly damaged.
The deep elf sorcerer hits you but does no damage.
You closely miss the ghostly deep elf death mage.
The ghostly deep elf death mage is lightly damaged.
Beowulf hits the deep elf high priest from afar with a +2 bardiche of electrocution.
The deep elf death mage is empowered by the deep elf high priest's aura!
The deep elf high priest calls down the wrath of its god upon Beowulf.
Beowulf is smitten.
The ghostly deep elf death mage beckons forth a restless soul!
The deep elf sorcerer points at you and mumbles some strange words.
The bolt of acid hits you! You resist.
You puncture the ghostly deep elf death mage!
You freeze the ghostly deep elf death mage.
The ghostly deep elf death mage is heavily damaged.
Beowulf hits the deep elf high priest from afar with a +2 bardiche of electrocution!!
The lost soul assumes the form of the deep elf high priest and becomes anchored to this world!
The ghostly deep elf death mage draws life force from you!
The ghostly deep elf death mage is healed by the life force!
The ghostly deep elf high priest calls down the wrath of its god upon you.
Something smites you!
* * * LOW HITPOINT WARNING * * *
Blink to where?
Press: ? - help, Dir - move target, p - ghostly deep elf death mage
As you read the scroll of blinking, it crumbles to dust.
You begin recalling your allies.
Ugrim is recalled.
Saint Roka is recalled.
Okrist is recalled.
Morbeogh is recalled.
Ortolf is recalled.
The deep elf death mage gestures at you while chanting.
The bolt of negative energy hits Okrist!!
Okrist is drained!
The bolt of negative energy hits you!!!
You feel drained.
You die...

#.....# #.#.#....##..#*,,,,,##
##...####.#.#....#...*,,,,,,,#
##.#.....#.#...##..#*,,,,,,,# ###
#<#.#######.8.#.).#,,,,⌠,,,,
##.###.#.....#.#...#.8.##,,,,,,,*
#...##.#####.#.#.*.#..e.#,,,,,,,*
.............#.#.8.ee..†#*,,,,,,,
#)..##.#####..##oo.#...ee#**,**,8
##.###.# #..####@o.#.8o....#****,
#### #.# #.## #o8.#...#.....,,**
#.## #.# #.# #.o.##..##.....,,*
...###.# #.## #....#...*#..#.,,*
....##.# #..####....##..$*#.#*,,,
.......# ###..###....*....*..**,,
?...#### ##..#*....#*,,,,,,,**,
...## #.##*..#..**,,,,,,,*, #.##
#.# *,,**,,***,,,,,,,


You could see a deep elf death mage (empowered, ally target), a ghostly deep elf
death mage (empowered, ally target), a deep elf sorcerer (fast, empowered), a
lost soul (summoned), the friendly Saint Roka, the friendly Morbeogh the orc
warlord, the friendly Okrist the orc warlord (drained), the friendly Ugrim the
orc warlord and the friendly Ortolf the orc knight.

Vanquished Creatures
  Vashnia (Snake:4)
  Nikola (Snake:3)
  A deep elf master archer (Elf:3)
  Donald (Snake:1)
  5 nagarajas (Snake:4)
  A deep elf sorcerer (Elf:3)
  A draconian knight (IceCv)
  3 deep elf elementalists (Elf:3)
  A deep elf demonologist (Elf:3)
  5 deep elf annihilators (Elf:3)
  A minotaur (Gauntlet)
  Snorg (D:11)
  5 white draconians (IceCv)
  2 deep elf death magi (Elf:3)
  4 merfolk javelineers (Shoals:4)
  A salamander tyrant (Snake:4)
  3 hydras
  2 ogre magi (Orc:2)
  Erolcha (D:9)
  A deep elf high priest (Elf:1)
  2 merfolk avatars (Shoals:3)
  A boulder beetle (D:15)
  4 merfolk aquamancers
  An alligator snapping turtle (Shoals:4)
  Erica (Orc:1)
  A catoblepas (Lair:2)
  2 two-headed ogres (Orc:2)
  18 dancing weapons
  4 anacondas
  A tengu warrior (D:15)
  4 satyrs
  3 naga warriors (Snake:4)
  Urug (Lair:1)
  A shock serpent (Snake:4)
  16 naga sharpshooters
  A fire crab (Lair:5)
  A skyshark (Lair:2)
  A salamander mystic (Snake:2)
  9 deep elf knights
  3 sea snakes
  Lodul (D:14)
  A skeletal warrior (D:14)
  A naga ritualist (Snake:1)
  4 deep elf archers
  2 wizards (D:14)
  An orange crystal statue (IceCv)
  A necromancer (D:14)
  2 harpies (Shoals:4)
  4 mana vipers
  An orc sorcerer (Snake:4)
  20 deep elf pyromancers
  6 deep elf zephyrmancers
  9 ugly things
  8 fauns
  3 cyclopes
  4 salamanders
  8 manticores
  4 elephants
  Joseph (D:7)
  10 merfolk sirens
  2 guardian serpents
  14 black mambas
  5 water nymphs
  6 storm dragon simulacra (IceCv)
  An ice statue (Shoals:4)
  4 naga magi
  A gargoyle (D:12)
  A cane toad (Lair:3)
  4 torpor snails
  6 komodo dragons
  3 kobold demonologists
  An efreet (D:15)
  5 golden dragon simulacra (IceCv)
  3 tengu conjurers (D:15)
  An ice devil (Gauntlet)
  4 meliai
  4 hornets
  8 trolls
  A wind drake (Shoals:3)
  A polar bear (Lair:2)
  7 blink frogs
  9 merfolk
  Prince Ribbit (D:6)
  5 snapping turtles
  4 dream sheep
  An air elemental (Elf:2)
  4 wraiths
  A slime creature (Lair:5)
  5 wyverns
  4 water elementals
  32 yaks
  A fire bat (shapeshifter) (D:15)
  8 humans (D:14)
  A basilisk (Lair:3)
  2 chaos spawn (Gauntlet)
  A neqoxec (Gauntlet)
  2 steam dragons
  7 vampire mosquitoes
  17 nagas
  2 wargs (Orc:2)
  An acid dragon (D:11)
  9 water moccasins
  A hell hound (Lair:5)
  12 orc warriors
  3 black bears
  4 ice dragon simulacra (IceCv)
  An ice beast (D:8)
  13 ogres
  10 centaurs
  A phantom (D:4)
  7 bullfrogs
  A gnoll sergeant (D:9)
  4 kobold brigands
  An earth elemental (Elf:1)
  2 scorpions (D:5)
  9 wights (D:8)
  12 killer bees
  6 lindwurm simulacra (IceCv)
  2 electric eels
  3 howler monkeys
  A lava snake (Lair:5)
  2 hounds
  4 jellies
  Crazy Yiuf (D:2)
  A gnoll bouda (D:6)
  3 orc priests
  2 sleepcaps
  Terence (D:2)
  Jessica (D:3)
  Ijyb (D:5)
  5 orc wizards
  11 gnolls
  9 adders
  4 river rats
  3 white imps
  2 worms
  2 dart slugs
  14 orcs
  11 ball pythons
  4 endoplasms
  3 giant cockroaches (D:1)
  6 goblins
  6 hobgoblins
  4 jackals
  2 quokkas (D:1)
  2 bats (D:1)
  8 frilled lizards
  21 kobolds
  8 rats
  A fungus (Lair:5)
  A plant (Shoals:1)
642 creatures vanquished.

Vanquished Creatures (collateral kills)
  Saint Roka (Snake:4)
  Mlioglotl (Snake:4)
  A deep elf blademaster (Elf:2)
  The ghost of sugarbear the Sorcerer, an adept DjCj of Makhleb (Elf:3)
  Gastronok (Lair:3)
  Frances (D:13)
  13 nagarajas
  A deep elf sorcerer (Elf:3)
  Aizul (Snake:1)
  Louise (D:15)
  The ghost of Bekk the Carver, a journeyman DsCK of Xom (Snake:1)
  An orc warlord (Orc:2)
  Nessos (D:15)
  A deep elf demonologist (Elf:3)
  5 merfolk impalers
  A fire dragon (Lair:5)
  An ettin (D:15)
  Josephine (D:10)
  A deep elf death mage (Elf:3)
  3 merfolk javelineers
  4 hydras
  2 vault guards (D:14)
  A centaur warrior (Shoals:1)
  6 anacondas
  2 alligator snapping turtles (Shoals:4)
  A merfolk avatar (Shoals:4)
  7 two-headed ogres
  2 satyrs
  4 merfolk aquamancers
  18 dancing weapons
  4 boulder beetles
  11 naga warriors
  3 tengu warriors
  16 naga sharpshooters
  6 shock serpents
  2 skysharks
  2 deep elf knights
  A fire crab (Shoals:1)
  2 salamander mystics (Snake:4)
  4 skeletal warriors (D:14)
  6 sea snakes
  4 deep trolls
  5 naga ritualists
  A wizard (D:15)
  A lindwurm (Lair:5)
  4 harpies
  3 deep elf archers
  13 deep elf zephyrmancers
  8 deep elf pyromancers
  8 mana vipers
  16 fauns
  A manticore (shapeshifter) (D:13)
  7 cyclopes
  2 orc sorcerers
  An orc knight (D:13)
  3 elephants (Lair:5)
  7 ugly things
  4 manticores
  7 salamanders
  7 merfolk sirens
  5 guardian serpents
  9 naga magi
  4 water nymphs
  12 black mambas
  A gargoyle (D:11)
  A torpor snail (Lair:2)
  2 molten gargoyles (Lair:5)
  4 cane toads
  3 kobold demonologists
  Maggie (D:7)
  A rime drake (shapeshifter) (Elf:1)
  4 komodo dragons
  A yaktaur (D:14)
  10 trolls
  2 polar bears
  2 meliai
  A wind drake (Shoals:1)
  26 merfolk
  5 blink frogs
  2 dream sheep
  4 snapping turtles
  4 water elementals
  A shadow (D:11)
  6 wraiths
  5 basilisks
  13 yaks
  A wyvern (Lair:5)
  2 fire bats (Shoals:1)
  11 humans (D:14)
  2 steam dragons (Lair:5)
  9 vampire mosquitoes
  A warg (Orc:2)
  18 nagas
  An acid dragon (D:11)
  2 hell hounds (Lair:5)
  4 water moccasins
  7 orc warriors
  A wolf (Lair:3)
  18 ogres
  3 centaurs
  6 kobold brigands
  A gnoll sergeant (D:9)
  3 bullfrogs
  2 earth elementals (Elf:3)
  A wight (D:8)
  6 killer bees
  2 electric eels (Lair:1)
  4 lava snakes (Lair:5)
  A jelly (Lair:5)
  4 orc priests
  A hound (D:7)
  2 orc wizards
  2 gnolls (D:9)
  A white imp (D:7)
  16 orcs
  5 kobolds
  A fungus (Lair:5)
  8 plants
519 creatures vanquished.

Vanquished Creatures (others)
  A merfolk javelineer (Shoals:4)
  7 orc knights
  A deep elf zephyrmancer (Elf:1)
  A guardian serpent (Snake:3)
  16 orc warriors
  A black mamba (Snake:4)
  A guardian serpent zombie (Snake:4)
  A naga (Snake:3)
  5 orc priests
  A bullfrog (Lair:1)
  9 naga zombies (Snake:4)
  An electric eel (Elf:1)
  10 orc wizards
  48 orcs
  A ball python (D:6)
  A butterfly (D:3)
  32 fungi
  107 plants
244 creatures vanquished.

Grand Total: 1405 creatures vanquished

Notes
Turn   | Place    | Note
-------+----------+-------------------------------------------
     0 | D:1      | holysushi the Hill Orc Monk began the quest for the Orb.
     0 | D:1      | Reached XP level 1. HP: 19/19 MP: 1/1
   191 | D:1      | Reached XP level 2. HP: 26/27 MP: 2/2
   749 | D:1      | Reached XP level 3. HP: 33/33 MP: 3/3
   769 | D:2      | Found a faded altar of an unknown god.
  1058 | D:2      | Noticed Sigmund
  1152 | D:2      | Reached XP level 4. HP: 11/40 MP: 4/4
  1486 | D:2      | Identified the +2 short sword "Sarcophage" {holy, rPois
                  | Str+3}
  1639 | D:2      | Reached skill level 5 in Polearms
  1653 | D:2      | Found a runed translucent door.
  1654 | D:2      | Noticed Crazy Yiuf
  2043 | D:3      | Noticed Terence
  2082 | D:2      | Gained mutation: Your magical capacity is low. (-10% MP)
                  | [potion of mutation]
  2082 | D:2      | Gained mutation: Your mind is acute. (Int +4, Str/Dex -1)
                  | [potion of mutation]
  2082 | D:2      | Gained mutation: You are strong-willed. (Will+) [potion of
                  | mutation]
  2109 | D:2      | Killed Terence
  2295 | D:3      | Found a white marble altar of Elyvilon.
  2474 | D:3      | Found a hazy altar of Hepliaklqana.
  2488 | D:3      | Noticed Jessica
  2506 | D:3      | Killed Jessica
  2507 | D:3      | Reached XP level 5. HP: 41/47 MP: 4/4
  2763 | D:4      | Found a staircase to the Ecumenical Temple.
  2934 | D:4      | Noticed a phantom
  2973 | D:4      | Killed a phantom
  3268 | D:4      | Reached skill level 5 in Fighting
  3268 | D:4      | Reached XP level 6. HP: 40/56 MP: 5/5
  3663 | D:5      | Entered Level 5 of the Dungeon
  3890 | D:5      | Reached XP level 7. HP: 11/61 MP: 6/6
  4073 | D:5      | Found a blossoming altar of Fedhas.
  4220 | D:5      | Noticed Edmund
  4241 | D:5      | Edmund changed into Edmund the gnoll
  4241 | D:5      | Noticed Edmund
  4246 | D:5      | Killed Edmund the gnoll
  4277 | D:5      | Noticed Ijyb
  4390 | D:5      | Killed Ijyb
  5020 | D:2      | Killed Crazy Yiuf
  5129 | D:6      | Became a worshipper of Beogh the Brigand
  5129 | D:6      | Reached * piety under Beogh
  5129 | D:6      | Reached ** piety under Beogh
  5217 | D:6      | Reached XP level 8. HP: 68/68 MP: 7/7
  5368 | D:6      | Noticed Prince Ribbit
  5395 | D:6      | Reached skill level 10 in Polearms
  5400 | D:6      | Killed Prince Ribbit
  5431 | D:6      | Found a glowing drain.
  5447 | Sewer    | Entered a sewer
  5745 | Sewer    | Reached *** piety under Beogh
  6146 | D:7      | Noticed Maggie
  6183 | D:7      | Reached XP level 9. HP: 82/82 MP: 7/13
  6206 | D:7      | Reached skill level 1 in Evocations
  6244 | D:7      | Reached XP level 10. HP: 77/90 MP: 13/13
  6395 | D:7      | Noticed Joseph
  6457 | D:7      | Killed Joseph
  6869 | D:7      | Killed Maggie
  7001 | D:8      | Found a flagged portal.
  7027 | Bailey   | Entered a bailey
  7552 | Bailey   | Reached skill level 5 in Dodging
  7919 | Bailey   | Acquired the +8 demon trident of Superiority {freeze, rC+}
  8360 | D:8      | Reached skill level 10 in Fighting
  8446 | D:8      | Reached **** piety under Beogh
  8805 | D:9      | Noticed a deep elf pyromancer
  8810 | D:9      | Killed a deep elf pyromancer
  8811 | D:9      | Reached XP level 11. HP: 63/99 MP: 15/15
  8844 | D:9      | Reached skill level 1 in Shields
  8886 | D:9      | Noticed Erolcha
  8892 | D:9      | Gained Margrim as an ally
  8901 | D:9      | Your ally Margrim died
  8903 | D:9      | Killed Erolcha
  8975 | D:9      | Found a hide-covered altar of Uskayaw.
  9437 | D:10     | Entered Level 10 of the Dungeon
  9488 | D:10     | Reached ***** piety under Beogh
  9521 | D:10     | Reached skill level 5 in Shields
  9630 | D:10     | Noticed Josephine
  9637 | D:10     | Killed Josephine
  9639 | D:10     | Gained Ortolf as an ally
  9840 | D:10     | Found a staircase to the Lair.
  9866 | D:10     | Reached skill level 10 in Invocations
 10089 | D:10     | Noticed a two-headed ogre
 10094 | D:10     | Killed a two-headed ogre
 10175 | D:10     | Noticed a three-headed hydra
 10178 | D:10     | Killed a three-headed hydra
 10314 | Lair:1   | Entered Level 1 of the Lair of Beasts
 10341 | Lair:1   | Noticed Urug
 10353 | Lair:1   | Killed Urug
 10373 | Lair:1   | You fall into a shaft and drop 1 floor!
 10388 | Lair:2   | Reached XP level 12. HP: 106/106 MP: 16/17
 10428 | Lair:2   | Noticed a catoblepas
 10501 | Lair:2   | Killed a catoblepas
 10775 | Lair:2   | Reached skill level 10 in Shields
 10858 | Lair:2   | Found a snail-covered altar of Cheibriados.
 10883 | Lair:2   | Noticed a skyshark
 10890 | Lair:2   | Killed a skyshark
 12553 | Lair:3   | Found a gate leading to a gauntlet.
 12569 | Gauntlet | Entered a Gauntlet
 12569 | Gauntlet | Found a transporter.
 12569 | Gauntlet | Found a transporter.
 12569 | Gauntlet | Found a transporter.
 12570 | Gauntlet | Found a transporter.
 12573 | Gauntlet | Found a transporter.
 12583 | Gauntlet | Found a transporter.
 12597 | Gauntlet | Noticed a hell beast
 12649 | Gauntlet | Found a transporter.
 12665 | Gauntlet | Found a transporter.
 12668 | Gauntlet | Found the +3 pair of mountain boots {steadfast, rC+}
 12674 | Gauntlet | Found a transporter.
 12684 | Gauntlet | Found a transporter.
 12699 | Gauntlet | Found a transporter.
 12705 | Gauntlet | Found a transporter.
 12907 | Gauntlet | Reached XP level 13. HP: 113/113 MP: 20/20
 12923 | Gauntlet | Identified the +1 arbalest of Perversion {flame, rElec
                  | Str+3 Dex+3}
 12923 | Gauntlet | Noticed a minotaur
 12942 | Gauntlet | Killed a minotaur
 13072 | Lair:3   | Noticed Gastronok
 13123 | Lair:3   | Found a staircase to the Snake Pit.
 13126 | Lair:3   | Killed Gastronok
 13629 | Lair:3   | Found a staircase to the Shoals.
 14183 | Lair:4   | Reached ****** piety under Beogh
 14826 | Lair:5   | Entered Level 5 of the Lair of Beasts
 14921 | Lair:5   | Found a staircase to the Slime Pits.
 14921 | Lair:5   | Found a viscous altar of Jiyva.
 15075 | Lair:5   | Reached skill level 10 in Dodging
 15488 | Lair:5   | Found a large runed translucent door.
 15562 | Lair:5   | Reached skill level 15 in Invocations
 15576 | Lair:5   | Found a large runed translucent door.
 15581 | Lair:5   | Gained Bogbarth as an ally
 15586 | Lair:5   | Noticed a fire dragon
 15615 | Lair:5   | Killed a fire dragon
 15615 | Lair:5   | Gained Ugrim as an ally
 16207 | D:11     | Reached XP level 14. HP: 87/121 MP: 22/22
 16248 | D:11     | Noticed Snorg
 16254 | D:11     | Killed Snorg
 16255 | D:11     | Reached skill level 15 in Shields
 16433 | D:11     | Noticed Nergalle
 16567 | D:11     | Found a shimmering blue altar of Sif Muna.
 16931 | D:12     | Found a staircase to the Orcish Mines.
 16934 | D:12     | Found Raqifan's Armour Shop.
 17431 | D:12     | Identified the +3 pair of gloves of Delicate the Good
                  | {Str+4}
 17755 | Orc:1    | Entered Level 1 of the Orcish Mines
 17807 | Orc:1    | Noticed Erica
 17818 | Orc:1    | Killed Erica
 18145 | Orc:2    | Entered Level 2 of the Orcish Mines
 18221 | Orc:2    | Found Waipnecw's Book Shoppe.
 18221 | Orc:2    | Found Beijoeg's General Store.
 18233 | Orc:2    | Paralysed by something for 2 turns
 18235 | Orc:2    | Found Ryonlu's Book Shoppe.
 18263 | Orc:2    | Your ally Bogbarth died
 18270 | Orc:2    | Found Ettaqef's Jewellery Emporium.
 18273 | Orc:2    | Bought a potion of haste for 160 gold pieces
 18392 | Orc:2    | Found a staircase to the Elven Halls.
 18394 | Orc:2    | Noticed an orc warlord
 18410 | Orc:2    | Killed an orc warlord
 18504 | Orc:2    | Bought a book of Unlife for 540 gold pieces
 18516 | Orc:2    | Learned a level 4 spell: Animate Dead
 18523 | Orc:2    | Learned a level 6 spell: Death Channel
 18911 | Orc:1    | Found Ironuej's Weapon Shop.
 19136 | D:13     | Gained Morbeogh as an ally
 19334 | D:13     | Gained Boderik as an ally
 19540 | D:13     | Noticed Frances
 19548 | D:13     | Killed Frances
 19843 | D:14     | Noticed Lodul
 19852 | D:14     | Killed Lodul
 19926 | D:14     | Your ally Boderik died
 20046 | D:14     | Reached XP level 15. HP: 130/130 MP: 24/24
 20527 | D:14     | Found a gate to the Vaults.
 20665 | D:15     | Entered Level 15 of the Dungeon
 20665 | D:15     | Noticed Nessos
 20670 | D:15     | Killed Nessos
 20678 | D:15     | Noticed Louise
 20685 | D:15     | Killed Louise
 20830 | D:15     | Found a staircase to the Depths.
 20858 | D:15     | Gained Milork as an ally
 21766 | Orc:2    | Bought a ring of willpower for 400 gold pieces
 22023 | Shoals:1 | Entered Level 1 of the Shoals
 22051 | Shoals:1 | Gained Okrist as an ally
 22833 | Shoals:2 | Reached skill level 1 in Necromancy
 23548 | Shoals:3 | Reached XP level 16. HP: 146/146 MP: 25/25
 23556 | Shoals:3 | Your ally Ugrim died
 23686 | Shoals:3 | Found Lesotuc's Weapon Boutique.
 24030 | Shoals:3 | Reached skill level 5 in Necromancy
 24719 | Shoals:4 | Entered Level 4 of the Shoals
 24751 | Shoals:4 | Reached skill level 15 in Fighting
 24774 | Shoals:4 | Found Zofek's Vocational Training.
 24792 | Shoals:4 | Bought a manual of Invocations for 1600 gold pieces
 24913 | Shoals:4 | Found a frozen archway.
 24934 | IceCv    | Entered an ice cave
 25608 | IceCv    | Identified the ring "Egitwim" {Int+3 Dex+4 Slay+4}
 26381 | Shoals:4 | Reached skill level 1 in Spellcasting
 26489 | Shoals:4 | Identified the ring of Qyonon {Ice Int+3}
 26573 | Shoals:4 | Gained Herok as an ally
 26725 | Shoals:4 | Got the Excursus on the Gift and Company
 27050 | Shoals:4 | Gained Rocco as an ally
 27056 | Shoals:4 | Reached XP level 17. HP: 87/156 MP: 27/27
 27075 | Shoals:4 | Got a barnacled rune of Zot
 27927 | Snake:1  | Entered Level 1 of the Snake Pit
 28495 | Snake:1  | Gained Wardok as an ally
 28542 | Snake:1  | Your ally Herok died
 28546 | Snake:1  | Found a runed translucent door.
 28555 | Snake:1  | Identified the +3 pair of gloves "Vuutamea" {rF++ rC+
                  | Slay-4}
 28590 | Snake:1  | Noticed Bekk's ghost (journeyman DsCK)
 28600 | Snake:1  | Killed Bekk's ghost
 28606 | Snake:1  | Identified the +2 falchion "Jizaicox" {venom, Fragile
                  | +Blink rC++}
 28969 | Snake:1  | Noticed Aizul
 28976 | Snake:1  | Killed Aizul
 29003 | Snake:1  | Noticed Donald
 29019 | Snake:1  | Killed Donald
 29259 | Snake:2  | Found Cyvo's Book Boutique.
 29259 | Snake:2  | Found Cakkiot's Jewellery Shoppe.
 29277 | Snake:2  | Found Egaet's Jewellery Shoppe.
 29294 | Snake:2  | Bought an amulet of reflection for 510 gold pieces
 30291 | Snake:3  | Identified the +0 chain mail "Ehoaxic" {+Blink rN+ Str-4
                  | Stlth+}
 30606 | Snake:3  | Noticed Nikola
 30616 | Snake:3  | Your ally Herok died
 30619 | Snake:3  | Killed Nikola
 30727 | Snake:3  | Found Kaxitsa's General Store.
 31380 | Snake:4  | Entered Level 4 of the Snake Pit
 31588 | Snake:4  | Reached skill level 10 in Necromancy
 31874 | Snake:4  | Reached XP level 18. HP: 163/163 MP: 24/28
 31932 | Snake:4  | Noticed Vashnia
 31957 | Snake:4  | Killed Vashnia
 31972 | Snake:4  | Got a serpentine rune of Zot
 32608 | Snake:4  | Noticed Mlioglotl
 32616 | Snake:4  | Killed Mlioglotl
 33069 | Snake:4  | Noticed Saint Roka
 33079 | Snake:4  | Killed Saint Roka
 33631 | Elf:1    | Entered Level 1 of the Elven Halls
 33694 | Elf:1    | Gained Olfrun as an ally
 34417 | Elf:2    | Found a runed translucent gate.
 34417 | Elf:2    | Found a runed translucent gate.
 34417 | Elf:2    | Found a runed translucent gate.
 34523 | Elf:2    | Found a runed translucent gate.
 34524 | Elf:2    | Found a runed translucent gate.
 34524 | Elf:2    | Found a runed translucent gate.
 35681 | Elf:2    | Gained Bogdar as an ally
 35685 | Elf:2    | Noticed a deep elf blademaster
 35690 | Elf:2    | Reached XP level 19. HP: 103/170 MP: 18/30
 35709 | Elf:2    | Your ally Bogdar died
 36233 | Elf:3    | Entered Level 3 of the Elven Halls
 36261 | Elf:3    | Found a runed translucent door.
 36262 | Elf:3    | Noticed sugarbear's ghost (adept DjCj)
 36290 | Elf:3    | Killed sugarbear's ghost
 36645 | Elf:3    | Found a huge runed translucent gate.
 36785 | Elf:3    | Found a huge runed translucent gate.
 36785 | Elf:3    | Found a huge runed translucent gate.
 36786 | Elf:3    | Found a huge runed translucent gate.
 36786 | Elf:3    | Found a huge runed translucent gate.
 36786 | Elf:3    | Found a huge runed translucent gate.
 36786 | Elf:3    | Found a huge runed translucent gate.
 36808 | Elf:3    | Found a huge runed translucent gate.
 36816 | Elf:3    | Identified the +5 double sword of Strategic Superiority
                  | {elec, rElec Dex+4}
 37049 | Elf:3    | Gained Beowulf as an ally
 37336 | Elf:3    | Killed from afar by a deep elf death mage

Illustrated notes

Levels and vault maps discovered:
D:1:      ncdulo_watergridlock, layout_loops_ring
D:2:      layout_basic, nicolae_ecumenical_pavilion, minmay_circle_x,
          uniq_sigmund, uniq_crazy_yiuf_cottage
D:3:      layout_rooms, nicolae_elyvilon_peaceful_grove,
          mainiacjoe_overflow_surrounded_room, nrook_uturn, uniq_terence,
          uniq_jessica
D:4:      layout_loops_ring, temple_pool_b
D:5:      layout_gridville, mainiacjoe_overflow_small_starburst,
          minmay_misc_feat_iff, uniq_ijyb, uniq_edmund
D:6:      layout_rooms, portal_sewer_entry_a, uniq_prince_ribbit1
D:7:      layout_cave_pools, minmay_statues_item, uniq_maggie, uniq_joseph
D:8:      layout_cave_pools, enter_bailey_2
D:9:      layout_roguey, mainiacjoe_overflow_six_doors_small,
          chequers_serial_rivers_small_b, uniq_erolcha
D:10:     layout_irregular_city, lair_entry_dummy, hangedman_ranch,
          uniq_josephine
D:11:     layout_loops_cross, tgw_sif, uniq_nergalle, uniq_snorg
D:12:     layout_irregular_city, orc_david_3
D:13:     layout_cave_pods, chequers_serial_rivers_small_b,
          nicolae_concentric_dashed_squares_wild, item_on_display_b,
          uniq_frances
D:14:     layout_small_grid, grunt_vaults_entry_tiered, minivault_23, uniq_lodul
D:15:     hangedman_depths_entry_civil_slaughter, layout_cave_pods,
          minmay_crystal_room, uniq_louise, uniq_nessos
Lair:1:   layout_hall_layers, serial_bayou, serial_bayou_lagoon_b,
          serial_bayou_lake_a, serial_bayou_pond_b, serial_bayou_pond_b,
          serial_bayou_ford_a, serial_bayou_pond_d, uniq_urug
Lair:2:   layout_concentric_octagons, columned_hall_lemuel,
          chequers_serial_rivers_micro_a, st_stairs_5, kennysheep_snail_temple
Lair:3:   layout_concentric_octagons, minmay_shoals_entry_lonely_mermaid,
          gauntlet_entry_generic, beast_lair_carwin_10, uniq_gastronok
Lair:4:   layout_loops_ring
Lair:5:   cheibrodos_lair_end_hotspot, layout_regular_city,
          minmay_slime_entry_pillars
Shoals:1: layout_shoals, hangedman_shoal_volcano
Shoals:2: layout_shoals, nicolae_splish_splash
Shoals:3: layout_shoals, serial_shops, nicolae_shop_window_shopping
Shoals:4: shoals_end_simple, layout_shoals,
          portal_ice_cave_entry_ice_statue_one, nicolae_shop_vocational
Snake:1:  nicolae_snakescales, layout_misc_corridors,
          ebering_ghost_reflecting_pool, uniq_aizul, uniq_donald
Snake:2:  layout_gridlike, grunt_megastairs_5, minmay_shop_grove
Snake:3:  layout_layer_cave, serial_shops, nicolae_shop_advertising_works
          [nicolae_subvault_shop_adworks], drop_trap, uniq_nikola
Snake:4:  grunt_snake_rune_spirals, layout_onion_interference,
          lemuel_fruit_tree, uniq_mlioglotl, uniq_vashnia, uniq_saint_roka
Orc:1:    layout_caves, serial_shops, nicolae_diamond_shop,
          nicolae_orc_flooded_monolith, uniq_erica
Orc:2:    st_orc_open, layout_caves
Elf:1:    minmay_elf_arrival_summoners, layout_loops_cross,
          kennysheep_underground_church, minivault_14
Elf:2:    elven_hall_of_blades_hangedman_original
          [nicolae_blade_entry_area_security], layout_geoelf_grid, drop_trap,
          nicolae_elf_hall_of_bonks
Elf:3:    minmay_elf_hall_statues, layout_loops_corners,
          hellmonk_ghost_big_iron, st_stairs_5,
          nicolae_elf_double_double_double_trouble

Skill      XL: |  1  2  3  4  5  6  7  8  9 10 11 12 13 14 15 16 17 18 19 |
---------------+----------------------------------------------------------+-----
Polearms       | 4 5 6 7 9 14 | 14.1
Fighting       | 4 5 8 10 11 14 15 | 15.0
Dodging        | 3 4 5 7 9 10 12 13 14 | 14.0
Invocations    | 7 8 10 13 15 17 18 19 21 | 21.1
Evocations     | 1 3 |  3.0
Shields        | 8 11 14 16 17 19 20 21 | 21.0
Necromancy     | 3 7 10 13 14 | 14.3
Spellcasting   | 2 4 |  4.0
Stealth        | |  1.6

Action                     |  1- 3 |  4- 6 |  7- 9 | 10-12 | 13-15 | 16-18 | 19-21 || total
---------------------------+-------+-------+-------+-------+-------+-------+-------++-------
  Melee: Spear             |   171 |   181 |       |       |       |       |       ||   352
         Punch             |     1 |     1 |     2 |     2 |       |       |       ||     6
         Trident           |       |    24 |   268 |   128 |       |       |       ||   420
         Demon trident     |       |       |       |   414 |   720 |  1086 |   170 ||  2390
   Cast: Animate Dead      |       |       |       |       |       |     4 |     2 ||     6
         Death Channel     |       |       |       |       |       |       |     1 ||     1
 Invoke: Convert to Beogh  |       |       |     1 |       |       |       |       ||     1
         Give Item to Name |       |       |       |     1 |     6 |     4 |     2 ||    13
         Recall Orcish Fol |       |       |       |     3 |    11 |    14 |     4 ||    32
         Resurrection      |       |       |       |       |     2 |     3 |       ||     5
         Stop Recall       |       |       |       |       |     5 |     6 |       ||    11
         Smiting           |       |       |       |       |       |     9 |     5 ||    14
  Evoke: Wand              |       |       |     7 |    15 |     9 |     1 |     1 ||    33
         Lightning rod     |       |       |       |       |     4 |       |       ||     4
         Phantom mirror    |       |       |       |       |       |     1 |       ||     1
    Use: Potion            |     1 |    10 |     1 |     1 |     4 |     8 |     1 ||    26
         Scroll            |       |    10 |     5 |    16 |     9 |     6 |     4 ||    50
   Stab: Sleeping          |     6 |     4 |     4 |     2 |     4 |     5 |       ||    25
         Petrified         |       |       |       |     2 |       |       |       ||     2
         Petrifying        |       |       |       |     1 |       |       |       ||     1
         Distracted        |       |       |       |       |    10 |    11 |     1 ||    22
         Invisible         |       |       |       |       |     1 |     5 |       ||     6
         Paralysed         |       |       |       |       |       |     2 |       ||     2
 Armour: Robe              |    27 |    15 |    41 |    12 |       |       |       ||    95
         Steam dragon scal |       |       |       |    34 |       |       |       ||    34
         Troll leather arm |       |       |       |    49 |   116 |   106 |    24 ||   295
  Dodge: Dodged            |    95 |   115 |   204 |   277 |   231 |   377 |    48 ||  1347
  Block: Tower shield      |       |       |       |   237 |   567 |  1031 |   152 ||  1987
         Reflection        |       |       |       |       |       |   114 |    32 ||   146

Table legend: (Time is in decaauts)
 A = Elapsed time spent in this place.
 B = Non-inter-level travel time spent in this place.
 C = Inter-level travel time spent in this place.
 D = Time resting spent in this place.
 E = Time spent auto-exploring this place.
 F = Levels seen in this place.
 G = Mean time per level.
                   A        B        C        D        E       F      G
               +--------+--------+--------+--------+--------+-----+--------+
         Total |  36848 |  33960 |   2888 |   2954 |  14563 |  37 |  995.9 |
       Dungeon |  14139 |  13027 |   1112 |   1282 |   6381 |  15 |  942.6 |
          Lair |   5999 |   5115 |    884 |     17 |   2500 |   5 | 1199.8 |
        Shoals |   4238 |   4062 |    176 |    399 |    930 |   4 | 1059.5 |
     Snake Pit |   4755 |   4317 |    438 |    424 |   2390 |   4 | 1188.8 |
  Orcish Mines |   1382 |   1187 |    195 |      0 |    633 |   2 |  691.0 |
   Elven Halls |   3608 |   3527 |     81 |    572 |   1177 |   3 | 1202.7 |
         Sewer |    405 |    405 |      0 |     27 |    183 |   1 |  405.0 |
        Bailey |   1135 |   1135 |      0 |    168 |     59 |   1 | 1135.0 |
      Ice Cave |    765 |    765 |      0 |     64 |    150 |   1 |  765.0 |
      Gauntlet |    417 |    417 |      0 |      0 |    160 |   1 |  417.0 |
               +--------+--------+--------+--------+--------+-----+--------+

Top non-repeatable levels by time:
   Elf:2: 1758 daAuts
 Snake:4: 1724 daAuts
  Lair:1: 1540 daAuts
Shoals:4: 1526 daAuts
     D:2: 1435 daAuts
Shoals:3: 1403 daAuts
  Lair:3: 1354 daAuts
 Snake:3: 1321 daAuts
    D:12: 1252 daAuts
    D:10: 1244 daAuts
     D:5: 1236 daAuts
  Lair:2: 1153 daAuts
  Bailey: 1135 daAuts
  Lair:5: 1074 daAuts
   Elf:3: 1070 daAuts
